 Dungeon Crawl Stone Soup version 0.26-a0-64-g059e62fbdb (webtiles) character file.

Game seed: 9716318473368010149

105 Gwenloh the Digger (level 4, -2/36 HPs)
             Began as a Ghoul Earth Elementalist on June 11, 2020.
             Was a Follower of Dithmenos.
             Slain by a goblin
             ... wielding a +0 club
             ... led by Robin
              (3 damage)
             ... on level 3 of the Dungeon.
             The game lasted 00:10:40 (2813 turns).

Gwenloh the Digger (Ghoul Earth Elementalist)       Turns: 2813, Time: 00:10:40

Health: -2/36      AC:  3    Str: 11    XL:     4   Next: 81%
Magic:  1/6        EV: 11    Int: 11    God:    Dithmenos [*.....]
Gold:   141        SH:  0    Dex:  9    Spells: 6/7 levels left

rFire    . . .     SeeInvis .   p - +0 whip
rCold    + . .     Gourm    .   (no shield)
rNeg     + + +     Faith    .   f - +0 leather armour
rPois    ∞         Spirit   .   (no helmet)
rElec    .         Reflect  .   (no cloak)
rCorr    .         Harm     .   (no gloves)
MR       .....                  (no boots)
Stlth    ++........             m - amulet of regeneration
HPRegen  0.00/turn              (no ring)
MPRegen  0.10/turn              (no ring)

@: rotting, wreathed by umbra
A: rotting body, claws 1, carnivore, cold resistance 1, negative energy
resistance 3, inhibited regeneration, torment resistance, unbreathing
a: Renounce Religion


You were on level 3 of the Dungeon.
You worshipped Dithmenos.
Dithmenos was aware of your devotion.
You were not hungry.

You visited 1 branch of the dungeon, and saw 3 of its levels.

You collected 141 gold pieces.

Inventory:

Hand Weapons
 l - a +0 dagger
 p - a +0 whip (weapon)
Missiles
 b - 57 stones (quivered)
Armour
 c - a +0 robe
 f - a +0 leather armour (worn)
 j - a +0 ring mail
Jewellery
 m - an amulet of regeneration (around neck)
Scrolls
 a - a scroll of blinking {unknown}
 e - a scroll of enchant weapon {unknown}
 g - 2 scrolls of remove curse {unknown}
 h - 3 scrolls of amnesia {unknown}
 i - a scroll of teleportation {unknown}
 n - 2 scrolls of magic mapping {unknown}
 o - a scroll of enchant armour {unknown}
Potions
 q - a potion of lignification {unknown}
 r - a potion of magic {unknown}
 s - a potion of stabbing {unknown}
Comestibles
 d - 4 rations
 k - 5 chunks of flesh


   Skills:
 + Level 1.8 Fighting
 * Level 1.7 Armour
 - Level 2.0 Dodging
 - Level 2.1 Stealth
 + Level 2.2 Spellcasting
   Level 0.8 Transmutations
 * Level 4.0 Earth Magic
 + Level 1.3 Invocations


You had 6 spell levels left.
You knew the following spells:

 Your Spells              Type           Power        Failure   Level  Hunger
a - Sandblast             Erth           ##....       7%          1    ##.....

Your spell library contained the following spells:

 Spells                   Type           Power        Failure   Level  Hunger
 Passwall                 Tmut/Erth      #.......     21%         2    ###....
 Stone Arrow              Conj/Erth      #.....       45%         3    ####...
 Petrify                  Tmut/Erth      #.......     80%         4    #####..
 Lee's Rapid Deconstruct  Erth           ##........   89%         5    ######.


Dungeon Overview and Level Annotations

Branches:
Dungeon (3/15)

Altars:
Dithmenos
Fedhas
Gozag
Nemelex Xobeh
Wu Jian

Annotations:
D:3 Robin


Innate Abilities, Weirdness & Mutations

Your body is rotting away.
You thrive on raw meat.
You are immune to poison.
You have sharp fingernails.
You are carnivorous and can eat meat at any time.
Your flesh is cold resistant. (rC+)
You are immune to negative energy. (rN+++)
You do not regenerate when monsters are visible.
You are immune to unholy pain and torment.
You can survive without breathing.


Message History

Aiming: Sandblast (safe; 7% risk of failure)
Press: ? - help, Shift-Dir - straight line, f/p - Robin
Aim: Robin, wielding a +0 mace, wearing a +0 animal skin and wearing a +0 helmet (moderately wounded, slow, umbra)
Okay, then.
You hit Robin.
Robin is moderately wounded.
The goblin hits you but does no damage.
You hit Robin but do no damage.
Robin is moderately wounded.
The goblin closely misses you.
You hit Robin but do no damage.
Robin is moderately wounded.
Robin roars a battlecry!
The goblins go into a battle-frenzy!
The goblin hits you with a +0 club.
* * * LOW HITPOINT WARNING * * *
You hit Robin but do no damage.
Robin is moderately wounded.
The goblin hits you with a +0 club.
You die...

#.# #.# #.# #.#
#.# #.# #÷#
############# #.#
#gg@g.......# #.#
#.#########)# #g#
#.# #)# #g# #.#
#)# #g# #g# #.#
#g# #.# #<# #.#
#.#############.#
#...)g).........#
###############.#


You could see Robin (slow) and 2 goblins.

Vanquished Creatures
  3 adders
  An ooze (D:2)
  A dart slug (D:2)
  4 leopard geckos
  A ball python (D:1)
  5 bats
  2 giant cockroaches
  15 goblins
  7 hobgoblins
  7 kobolds
  4 quokkas (D:2)
  5 frilled lizards
  2 rats (D:1)
57 creatures vanquished.

Notes
Turn   | Place    | Note
-------+----------+-------------------------------------------
     0 | D:1      | Gwenloh the Ghoul Earth Elementalist began the quest for
                  | the Orb.
     0 | D:1      | Reached XP level 1. HP: 14/14 MP: 2/2
   375 | D:1      | You fall into a shaft and drop 1 floor!
   382 | D:2      | Reached XP level 2. HP: 16/22 MP: 3/3
   513 | D:2      | Found a shadowy altar of Dithmenos.
   518 | D:2      | Became a worshipper of Dithmenos the Shadowed
   632 | D:1      | Reached skill level 1 in Fighting
  1186 | D:1      | Reached XP level 3. HP: 9/28 MP: 0/5
  1792 | D:2      | Reached skill level 1 in Armour
  2008 | D:2      | Found a blossoming altar of Fedhas.
  2037 | D:2      | Reached * piety under Dithmenos
  2131 | D:2      | Reached XP level 4. HP: 13/35 MP: 2/6
  2208 | D:2      | Reached skill level 1 in Invocations
  2249 | D:2      | Found an ornate altar of the Wu Jian Council.
  2399 | D:2      | Found a sparkling altar of Nemelex Xobeh.
  2400 | D:2      | Found an opulent altar of Gozag.
  2610 | D:3      | Reached skill level 4 in Earth Magic
  2657 | D:3      | Noticed Robin
  2812 | D:3      | HP: 1/36 [goblin/+0 club[Robin] (5)]
  2813 | D:3      | Slain by a goblin

Illustrated notes

Levels and vault maps discovered:
D:1:      eino_arrival_tree_alley, layout_basic, minmay_unequal
D:2:      layout_rooms, grunt_temple_overflow_opulence,
          grunt_dithmenos_smoke_and_mirrors, lemuel_coloured_pillars_altar,
          lemuel_doored_altar, serial_glass, glass_columns_b, glass_columns_a
D:3:      layout_basic, uniq_robin

Skill      XL: |  1  2  3  4 |
---------------+-------------+-----
Dodging        | 2 |  2.0
Spellcasting   | 2 |  2.2
Fighting       | 1 |  1.8
Armour         | 1 |  1.7
Invocations    | 1 |  1.3
Earth Magic    | 4 |  4.0
Stealth        | |  2.1
Transmutations | |  0.8

Action                   |  1- 3 |  4- 6 || total
-------------------------+-------+-------++-------
Melee: Unarmed           |    94 |       ||    94
       Dagger            |    67 |       ||    67
       Whip              |    50 |    62 ||   112
Throw: Stone             |     5 |     3 ||     8
 Cast: Sandblast         |    19 |    16 ||    35
  Eat: Chunk             |     6 |     1 ||     7
Armor: Robe              |     7 |       ||     7
       Leather armour    |    37 |    13 ||    50
Dodge: Dodged            |   140 |    47 ||   187

Table legend:
 A = Non-vault XP
 B = Vault XP
 C = Vault XP percentage of total XP
 D = Non-vault monster count
 E = Vault monster count
 F = Vault count percentage of total count
                 A         B        C        D         E       F
            +---------+---------+-------+---------+---------+-------
      Total |     127 |      23 |  15.3 |      45 |      12 |  21.1
            +---------+---------+-------+---------+---------+-------
        D:1 |      34 |       5 |  12.8 |      19 |       3 |  13.6
        D:2 |      77 |       0 |   0.0 |      24 |       0 |   0.0
        D:3 |      16 |      18 |  52.9 |       2 |       9 |  81.8
            +---------+---------+-------+---------+---------+-------
